 Dungeon Sprint DCSS version 0.29.1-12-g30fa7ad0bf (webtiles) character file.

Game seed: 2592153058869258322

2943 Groucho the Unseen (level 9, -5/39 HPs)
             Began as a Spriggan Enchanter on Dec 27, 2022.
             Was the Champion of Dithmenos.
             Killed from afar by a nagaraja (30 damage)
             ... with a bolt of poison
             ... in the Dungeon (Sprint VII: "The Pits").
             The game lasted 00:04:49 (1748 turns).

Groucho the Unseen (Spriggan Enchanter)             Turns: 1748, Time: 00:04:50

Health: -5/39      AC:  5    Str: 11    XL:     9   Next: 51%
Magic:  9/26       EV: 23    Int: 16    God:    Dithmenos [******]
Gold:   0          SH:  0    Dex: 16    Spells: 22/33 levels left

rFire   . . .      SeeInvis +   a - +2 dagger
rCold   . . .      Faith    .   (no shield)
rNeg    . . .      Spirit   .   b - +0 robe
rPois   .          Reflect  .   (helmet restricted)
rElec   .          Harm     .   (no cloak)
rCorr   .          Rampage  .   (gloves unavailable)
Will    +....      NoTele   +   (boots unavailable) Stlth *+++++++++
                                (no amulet)
HPRegen 0.13/turn               m - +3 ring of protection
MPRegen 0.20/turn               n - +3 ring of strength

@: lethally poisoned (-5 -> -23), confusing by touch, wreathed by umbra, very
quick
A: very small, no large weapons, unfitting armour, see invisible, speed 3
a: Renounce Religion, Shadow Step, Shadow Form


You were in the Dungeon.
You worshipped Dithmenos.
Dithmenos was exalted by your worship.
You visited 1 branch

Inventory:

Hand Weapons
 a - a +2 dagger (weapon)
 o - a +2 vampiric rapier
Missiles
 j - 9 stones (quivered)
Armour
 b - a +0 robe (worn)
Jewellery
 m - a +3 ring of protection (left hand)
 n - a +3 ring of strength (right hand)
Scrolls
 i - a scroll of blinking
 k - 5 scrolls of amnesia
 l - a scroll of summoning
Potions
 c - 4 potions of invisibility
 d - 6 potions of curing
 e - 14 potions of heal wounds
 f - 2 potions of haste
 g - 3 potions of magic
 h - 4 potions of berserk rage


   Skills:
 + Level 11.7 Short Blades
 + Level 10.4 Dodging
 - Level 16.0 Stealth
 + Level 12.8 Spellcasting
 + Level 13.0 Hexes


You had 22 spell levels left.
You knew the following spells:

 Your Spells              Type           Power      Damage    Failure   Level
a - Ensorcelled Hibernat  Hex/Ice        62%        N/A       1%          2
b - Confusing Touch       Hex            51%        N/A       1%          3
c - Dazzling Flash        Conj/Hex       62%        N/A       1%          3
d - Tukima's Dance        Hex            51%        N/A       1%          3

Your spell library contained the following spells:

 Spells                   Type           Power      Damage    Failure   Level


Dungeon Overview and Level Annotations

Branches:
Dungeon (1/1)

Altars:
Ashenzari
Cheibriados
Dithmenos
Elyvilon
Fedhas
Gozag
Hepliaklqana
Kikubaaqudgha
Makhleb
Nemelex Xobeh
Okawaru
Qazlal
Ru
Sif Muna
Trog
Uskayaw
Vehumet
Wu Jian
Xom
Yredelemnul
Zin
The Shining One
Jiyva
Lugonu


Innate Abilities, Weirdness & Mutations

You are very small and have problems with some larger weapons.
You are too small for most types of armour.
You have supernaturally acute eyesight. (SInv)
You cover ground extremely quickly. (Speed+++)


Message History

Casting: Dazzling Flash (safe; 1% risk of failure)
Press: ? - help, Dir - look around, f - activate The nagaraja gestures at you while chanting.
You struggle to resist.
Unknown command.
Unknown command.
Unknown command.
Casting: Dazzling Flash (safe; 1% risk of failure)
Confirm with . or Enter, or press ? or * to list all spells.
Aiming: Ensorcelled Hibernation (safe; 1% risk of failure)
Press: ? - help, Shift-Dir - straight line, f - deep elf zephyrmancer
Aim: a deep elf zephyrmancer, wielding a +0 long sword and wearing a +0 leather armour (black smoke, umbra, chance to affect: 42%)
The deep elf zephyrmancer looks drowsy...
The helpless deep elf zephyrmancer fails to defend itself.
You spit the deep elf zephyrmancer like a pig!!!!
You kill the deep elf zephyrmancer!
Dithmenos accepts your kill.
Your Dodging skill increases to level 10!
Your Hexes skill increases to level 13!
Unknown command.
Casting: Ensorcelled Hibernation (safe; 1% risk of failure)
Confirm with . or Enter, or press ? or * to list all spells.
Aiming: Ensorcelled Hibernation (safe; 1% risk of failure)
Press: ? - help, Shift-Dir - straight line, f - nagaraja
Aim: a nagaraja, wielding a +0 club and wearing a +0 robe (black smoke, fast, umbra, chance to affect: 0%)
Okay, then.
Casting: Ensorcelled Hibernation (safe; 1% risk of failure)
Confirm with . or Enter, or press ? or * to list all spells.
Aiming: Ensorcelled Hibernation (safe; 1% risk of failure)
Press: ? - help, Shift-Dir - straight line, f - nagaraja
Aim: a nagaraja, wielding a +0 club and wearing a +0 robe (black smoke, fast, umbra, chance to affect: 0%)
Okay, then.
Casting: Ensorcelled Hibernation (safe; 1% risk of failure)
Confirm with . or Enter, or press ? or * to list all spells.
Your hands begin to glow red.
The nagaraja points at you and mumbles some strange words.
The bolt of poison hits you!!
You are poisoned.
Ouch! That really hurt!
You die...

#))#####'#####''#####
#))##.......##''#
#))##.......##..##
#..##.......##...##
#'###...<...# #..†##+##..#
)..##.......# ##.........W
...##.......###..###+###..
#####.......##†.##.§§..##
#..###########..@§N§§...+
#†############).##§§...#
#.#..†.#..[[###..###+###
#'#....#..[[# ##...
#.'...)'..))# ..##
#'#....#..))# .##
'†#....#..).# ##
#############


You could see a nagaraja (fast).

Vanquished Creatures
  A deep elf zephyrmancer (D)
  An efreet (D)
  A freezing wraith (D)
  5 dream sheep (D)
  A wyvern (D)
  A basilisk (D)
  A warg (D)
  2 floating eyes (D)
  A sky beast (D)
  2 ice beasts (D)
  A bullfrog (D)
  A scorpion (D)
  A crimson imp (D)
  A quasit (D)
  An orc priest (D)
  An orc wizard (D)
  2 gnolls (D)
  A river rat (D)
  An orc (D)
  A ball python (D)
  A bat (D)
  An endoplasm (D)
  A giant cockroach (D)
  3 jackals (D)
  2 frilled lizards (D)
  A kobold (D)
36 creatures vanquished.

Notes
Turn   | Place    | Note
-------+----------+-------------------------------------------
     0 | D        | Groucho the Spriggan Enchanter began the quest for the Orb.
     0 | D        | Reached XP level 1. HP: 9/9 MP: 5/5
    59 | D        | Found a glowing golden altar of the Shining One.
    59 | D        | Found a glowing silver altar of Zin.
    59 | D        | Found a basalt altar of Yredelemnul.
    59 | D        | Found a shimmering altar of Xom.
    59 | D        | Found an ornate altar of the Wu Jian Council.
    59 | D        | Found a bloodstained altar of Trog.
    59 | D        | Found a shimmering blue altar of Sif Muna.
    59 | D        | Found a sacrificial altar of Ru.
    59 | D        | Found a stormy altar of Qazlal.
    59 | D        | Found an iron altar of Okawaru.
    59 | D        | Found a sparkling altar of Nemelex Xobeh.
    59 | D        | Found a burning altar of Makhleb.
    59 | D        | Found a viscous altar of Jiyva.
    59 | D        | Found a hazy altar of Hepliaklqana.
    59 | D        | Found an opulent altar of Gozag.
    59 | D        | Found a blossoming altar of Fedhas.
    59 | D        | Found a white marble altar of Elyvilon.
    59 | D        | Found a shadowy altar of Dithmenos.
    59 | D        | Found a snail-covered altar of Cheibriados.
    60 | D        | Found a radiant altar of Vehumet.
    60 | D        | Found a corrupted altar of Lugonu.
    61 | D        | Found an ancient bone altar of Kikubaaqudgha.
    61 | D        | Found a hide-covered altar of Uskayaw.
    61 | D        | Found a broken altar of Ashenzari.
    66 | D        | Became a worshipper of Dithmenos the Shadowed
    85 | D        | Reached skill level 5 in Stealth
    89 | D        | Reached skill level 6 in Stealth
    89 | D        | Reached XP level 2. HP: 11/13 MP: 5/7
   216 | D        | Learned a level 2 spell: Ensorcelled Hibernation
   220 | D        | Noticed a scorpion
   221 | D        | Killed a scorpion
   221 | D        | Reached * piety under Dithmenos
   222 | D        | Reached skill level 8 in Stealth
   222 | D        | Reached skill level 5 in Hexes
   222 | D        | Reached XP level 3. HP: 16/16 MP: 8/10
   222 | D        | Reached XP level 4. HP: 21/21 MP: 8/11
   224 | D        | Reached skill level 9 in Stealth
   230 | D        | Reached skill level 5 in Spellcasting
   252 | D        | Reached ** piety under Dithmenos
   260 | D        | Reached skill level 10 in Stealth
   615 | D        | Reached *** piety under Dithmenos
   616 | D        | Reached XP level 5. HP: 24/24 MP: 9/14
   629 | D        | Learned a level 3 spell: Confusing Touch
   633 | D        | Learned a level 3 spell: Dazzling Flash
   637 | D        | Learned a level 3 spell: Tukima's Dance
   708 | D        | Reached skill level 5 in Short Blades
   708 | D        | Reached skill level 11 in Stealth
   872 | D        | Noticed a floating eye
   890 | D        | Reached **** piety under Dithmenos
   897 | D        | Noticed a warg
   907 | D        | Killed a warg
   908 | D        | Reached skill level 13 in Stealth
   908 | D        | Reached XP level 6. HP: 28/28 MP: 10/17
   913 | D        | Killed a floating eye
   914 | D        | Reached skill level 14 in Stealth
  1227 | D        | Noticed an ice beast
  1235 | D        | Killed an ice beast
  1595 | D        | Noticed a basilisk
  1597 | D        | Killed a basilisk
  1597 | D        | Reached ***** piety under Dithmenos
  1598 | D        | Reached skill level 15 in Stealth
  1598 | D        | Reached XP level 7. HP: 32/32 MP: 20/20
  1602 | D        | Reached skill level 16 in Stealth
  1607 | D        | Reached skill level 10 in Hexes
  1615 | D        | Noticed an efreet
  1616 | D        | Noticed a freezing wraith
  1617 | D        | Killed an efreet
  1618 | D        | Reached skill level 5 in Dodging
  1618 | D        | Reached skill level 10 in Spellcasting
  1618 | D        | Reached XP level 8. HP: 33/36 MP: 18/23
  1619 | D        | Killed a freezing wraith
  1709 | D        | Noticed a dream sheep
  1709 | D        | Noticed a dream sheep
  1710 | D        | Noticed a shadow wraith
  1710 | D        | Noticed a dream sheep
  1710 | D        | Noticed a dream sheep
  1710 | D        | Noticed a dream sheep
  1711 | D        | Killed a dream sheep
  1712 | D        | Reached skill level 10 in Short Blades
  1713 | D        | Killed a dream sheep
  1715 | D        | Killed a dream sheep
  1717 | D        | Killed a dream sheep
  1718 | D        | Reached XP level 9. HP: 37/39 MP: 19/25
  1719 | D        | Reached ****** piety under Dithmenos
  1736 | D        | Noticed a nagaraja
  1736 | D        | Noticed a deep elf zephyrmancer
  1747 | D        | Killed a deep elf zephyrmancer
  1748 | D        | Reached skill level 10 in Dodging
  1748 | D        | Killed from afar by a nagaraja

Illustrated notes

Levels and vault maps discovered:
D:        pitsprint [storerooms_1, entrance_room_1, metal_vault_5, armoury_1,
          mini_pit_1, grid_room_1, main_hall_1, silver_pit, the_coven_1,
          the_vestibule_1, steel_vault_2, golden_pit, hallway_of_sentries,
          crystal_vault_1, iron_vault_3, final_vault]

Skill      XL: |  1  2  3  4  5  6  7  8  9 |
---------------+----------------------------+-----
Stealth        | 6 8 10 13 15 16 | 16.0
Spellcasting   | 3 4 5 7 8 10 11 12 | 12.8
Short Blades   | 2 3 4 6 7 9 10 11 | 11.7
Hexes          | 4 5 6 7 9 10 12 13 | 13.0
Dodging        | 5 8 10 | 10.4

Action                   |  1- 3 |  4- 6 |  7- 9 || total
-------------------------+-------+-------+-------++-------
Melee: Dagger            |    14 |    34 |    16 ||    64
       Punch             |       |     1 |       ||     1
Throw: Stone             |       |     1 |       ||     1
 Cast: Ensorcelled Hiber |       |    12 |     3 ||    15
       Confusing Touch   |       |     2 |     1 ||     3
       Dazzling Flash    |       |       |     1 ||     1
Invok: Shadow Step       |       |       |     3 ||     3
  Use: Potion            |     1 |     1 |     1 ||     3
 Stab: Sleeping          |     1 |    12 |    16 ||    29
       Confused          |       |     1 |       ||     1
Armor: Robe              |     4 |     4 |     1 ||     9
Dodge: Dodged            |    13 |    31 |     2 ||    46
